2691 views
Uploaded 2021-01-20 15:13:59
Game version 1.32.9
36:41 long 1on1 ladder game on (2)EchoIsles
Saved by xzz
2691 views
Uploaded 2021-01-20 15:13:59
Game version 1.32.9
36:41 long 1on1 ladder game on (2)EchoIsles

49 units @ 6.2k
/ 0.9k
26 buildings @ 2.8k
/ 1.2k



| Lesser Clarity Potion | 2 | 140 |
| Scroll of Regeneration | 3 | 300 |
| Potion of Healing | 1 | 150 |
| Scroll of Town Portal | 2 | 700 |
| Potion of Lesser Invulnerability | 1 | 150 |
| total: | 9 | 1440g |
| Peasant | 25 | 1875 | / | 0 |
| Footman | 3 | 405 | / | 0 |
| Rifleman | 3 | 615 | / | 90 |
| Mortar Team | 8 | 1440 | / | 560 |
| Priest | 2 | 270 | / | 20 |
| Spell Breaker | 4 | 860 | / | 120 |
| Flying Machine | 1 | 100 | / | 30 |
| Siege Engine | 2 | 390 | / | 120 |
| Forest Troll Shadow Priest | 1 | 195 | / | 10 |
| total: | 49 | 6150g | / | 950w |
| Scout Tower | 7 | 210 | / | 140 |
| Arcane Tower | 1 | 70 | / | 50 |
| Guard Tower | 3 | 210 | / | 150 |
| Altar of Kings | 1 | 180 | / | 50 |
| Farm | 10 | 800 | / | 200 |
| Barracks | 1 | 160 | / | 60 |
| Arcane Vault | 1 | 130 | / | 30 |
| Blacksmith | 1 | 140 | / | 60 |
| Lumber Mill | 1 | 120 | / | 0 |
| Town Hall | 2 | 770 | / | 410 |
| Arcane Sanctum | 1 | 150 | / | 140 |
| Workshop | 1 | 140 | / | 140 |
| Keep | 1 | 320 | / | 210 |
| Castle | 1 | 360 | / | 210 |
| total: | 26 | 2800g | / | 1230w |
| 0:03 | Peasant |
| 0:03 | Peasant |
| 0:07 | Altar of Kings |
| 0:11 | Peasant |
| 0:11 | Peasant |
| 0:20 | Farm |
| 0:37 | Barracks |
| 0:45 | Peasant |
| 0:50 | Farm |
| 1:05 | Peasant |
| 1:38 | Arcane Vault |
| 1:41 | Footman |
| 1:53 | Farm |
| 2:02 | Peasant |
| 2:23 | Thunder Clap |
| 2:25 | Footman |
| 2:49 | Peasant |
| 2:49 | Peasant |
| 2:53 | Forest Troll Shadow Priest |
| 3:17 | Storm Bolt |
| 3:22 | Scout Tower |
| 3:28 | Keep |
| 3:48 | Arcane Tower |
| 4:10 | Blacksmith |
| 4:15 | Lumber Mill |
| 4:17 | Lesser Clarity Potion |
| 4:37 | Footman |
| 4:44 | Scout Tower |
| 4:49 | Farm |
| 5:07 | Farm |
| 5:28 | Guard Tower |
| 5:31 | Rifleman |
| 6:24 | Rifleman |
| 6:42 | Rifleman |
| 6:56 | Farm |
| 7:02 | Scroll of Regeneration |
| 7:07 | Lesser Clarity Potion |
| 7:40 | Siphon Mana |
| 8:06 | Arcane Sanctum |
| 8:08 | Workshop |
| 8:11 | Scroll of Regeneration |
| 8:52 | Banish |
| 9:12 | Scroll of Regeneration |
| 9:16 | Potion of Healing |
| 9:21 | Mortar Team |
| 9:26 | Priest Adept Training |
| 9:26 | Priest |
| 9:43 | Town Hall |
| 9:56 | Mortar Team |
| 9:59 | Farm |
| 10:05 | Potion of Lesser Invulnerability |
| 10:14 | Scout Tower |
| 10:17 | Scout Tower |
| 10:43 | Storm Bolt |
| 11:16 | Guard Tower |
| 11:51 | Town Hall |
| 12:00 | Castle |
| 12:02 | Priest |
| 12:02 | Spell Breaker |
| 12:06 | Improved Lumber Harvesting |
| 12:54 | Spell Breaker |
| 12:56 | Mortar Team |
| 13:27 | Siphon Mana |
| 14:15 | Flak Cannons |
| 14:23 | Peasant |
| 14:23 | Peasant |
| 14:24 | Peasant |
| 14:24 | Peasant |
| 14:24 | Peasant |
| 14:59 | Priest Master Training |
| 15:14 | Magic Sentry |
| 15:33 | Peasant |
| 15:33 | Peasant |
| 15:33 | Peasant |
| 15:46 | Farm |
| 15:47 | Farm |
| 15:59 | Fragmentation Shards |
| 16:15 | Advanced Lumber Harvesting |
| 16:28 | Flare |
| 16:46 | Holy Light |
| 17:02 | Scout Tower |
| 17:10 | Mortar Team |
| 17:11 | Mortar Team |
| 18:07 | Mortar Team |
| 18:10 | Spell Breaker |
| 18:13 | Flying Machine Bombs |
| 18:14 | Farm |
| 18:40 | Improved Masonry |
| 18:50 | Iron Forged Swords |
| 19:11 | Scout Tower |
| 19:32 | Flying Machine |
| 19:52 | Scout Tower |
| 20:00 | Peasant |
| 20:00 | Peasant |
| 20:10 | Sundering Blades |
| 20:11 | Animal War Training |
| 20:51 | Steel Forged Swords |
| 21:56 | Spell Breaker |
| 21:57 | Mortar Team |
| 22:34 | Peasant |
| 22:34 | Peasant |
| 22:42 | Scroll of Town Portal |
| 22:53 | Thunder Clap |
| 23:09 | Scroll of Town Portal |
| 23:57 | Mithril Forged Swords |
| 23:58 | Black Gunpowder |
| 24:07 | Peasant |
| 24:07 | Peasant |
| 24:08 | Peasant |
| 24:08 | Peasant |
| 25:44 | Mortar Team |
| 25:46 | Siege Engine |
| 25:47 | Siege Engine |
| 27:43 | Guard Tower |
| 28:17 | Barrage |
| 29:11 | Banish |
| Select group | 749 |
| Right click | 713 |
| Select | 635 |
| Misc. action | 362 |
| Build/train/purchase | 124 |
| Assign group | 54 |
| Use ability | 38 |
| Esc | 4 |
| Remove unit | 2 |
40 units @ 4.7k
/ 1k
78 buildings @ 4.5k
/ 2.4k

| Scroll of Regeneration | 10 | 1000 |
| Lesser Clarity Potion | 11 | 770 |
| Potion of Mana | 3 | 600 |
| Mechanical Critter | 2 | 100 |
| Potion of Healing | 2 | 300 |
| Scroll of Town Portal | 6 | 2100 |
| Boots of Speed | 1 | 250 |
| Staff of Teleportation | 1 | 150 |
| Potion of Invisibility | 3 | 300 |
| Potion of Lesser Invulnerability | 3 | 450 |
| total: | 42 | 6020g |
| Peasant | 20 | 1500 | / | 0 |
| Footman | 3 | 405 | / | 0 |
| Mortar Team | 12 | 2160 | / | 840 |
| Sorceress | 2 | 310 | / | 40 |
| Flying Machine | 3 | 300 | / | 90 |
| total: | 40 | 4675g | / | 970w |
| Scout Tower | 57 | 1710 | / | 1140 |
| Arcane Tower | 7 | 490 | / | 350 |
| Guard Tower | 14 | 980 | / | 700 |
| Altar of Kings | 2 | 360 | / | 100 |
| Farm | 7 | 560 | / | 140 |
| Barracks | 2 | 320 | / | 120 |
| Lumber Mill | 2 | 240 | / | 0 |
| Arcane Vault | 2 | 260 | / | 60 |
| Town Hall | 1 | 385 | / | 205 |
| Blacksmith | 1 | 140 | / | 60 |
| Cannon Tower | 14 | 1680 | / | 1400 |
| Workshop | 3 | 420 | / | 420 |
| Arcane Sanctum | 1 | 150 | / | 140 |
| Keep | 2 | 640 | / | 420 |
| Castle | 1 | 360 | / | 210 |
| total: | 78 | 4545g | / | 2385w |
| 0:18 | Peasant |
| 0:18 | Peasant |
| 0:22 | Altar of Kings |
| 0:28 | Altar of Kings |
| 0:30 | Farm |
| 0:44 | Peasant |
| 0:49 | Barracks |
| 1:06 | Barracks |
| 1:09 | Peasant |
| 1:17 | Scout Tower |
| 1:23 | Peasant |
| 1:28 | Farm |
| 1:39 | Peasant |
| 1:46 | Arcane Tower |
| 1:57 | Peasant |
| 2:02 | Lumber Mill |
| 2:25 | Footman |
| 2:29 | Farm |
| 2:32 | Flame Strike |
| 2:40 | Arcane Vault |
| 2:44 | Scout Tower |
| 2:51 | Footman |
| 3:10 | Footman |
| 3:15 | Farm |
| 3:18 | Scout Tower |
| 3:53 | Peasant |
| 3:54 | Peasant |
| 3:58 | Guard Tower |
| 3:59 | Scroll of Regeneration |
| 4:07 | Peasant |
| 4:09 | Peasant |
| 4:34 | Peasant |
| 4:53 | Scout Tower |
| 4:54 | Scout Tower |
| 4:55 | Scout Tower |
| 4:55 | Scout Tower |
| 5:01 | Siphon Mana |
| 5:04 | Scout Tower |
| 5:07 | Scout Tower |
| 5:19 | Town Hall |
| 5:22 | Arcane Tower |
| 5:25 | Scout Tower |
| 5:26 | Guard Tower |
| 5:27 | Guard Tower |
| 5:34 | Guard Tower |
| 5:55 | Guard Tower |
| 6:09 | Scout Tower |
| 6:26 | Scout Tower |
| 6:33 | Peasant |
| 6:33 | Peasant |
| 6:48 | Keep |
| 7:08 | Guard Tower |
| 7:10 | Arcane Tower |
| 7:14 | Scroll of Regeneration |
| 7:19 | Blacksmith |
| 7:25 | Scout Tower |
| 7:29 | Scout Tower |
| 7:33 | Scout Tower |
| 7:38 | Scout Tower |
| 7:39 | Scout Tower |
| 7:45 | Peasant |
| 7:45 | Peasant |
| 7:55 | Guard Tower |
| 8:29 | Boots of Speed |
| 8:29 | Staff of Teleportation |
| 8:30 | Scroll of Town Portal |
| 8:49 | Arcane Tower |
| 8:52 | Guard Tower |
| 9:04 | Scout Tower |
| 9:06 | Scout Tower |
| 9:07 | Scout Tower |
| 9:11 | Scout Tower |
| 9:13 | Scout Tower |
| 9:13 | Scout Tower |
| 9:14 | Scout Tower |
| 9:14 | Scout Tower |
| 9:14 | Scout Tower |
| 9:15 | Scout Tower |
| 9:31 | Peasant |
| 9:41 | Workshop |
| 9:54 | Arcane Vault |
| 10:03 | Arcane Tower |
| 10:13 | Scroll of Regeneration |
| 10:15 | Lesser Clarity Potion |
| 10:19 | Potion of Mana |
| 10:21 | Scroll of Regeneration |
| 10:37 | Workshop |
| 10:43 | Farm |
| 10:46 | Mortar Team |
| 10:51 | Farm |
| 10:54 | Farm |
| 11:06 | Cannon Tower |
| 11:11 | Mortar Team |
| 11:53 | Mortar Team |
| 11:58 | Improved Lumber Harvesting |
| 12:04 | Lesser Clarity Potion |
| 12:04 | Scroll of Regeneration |
| 12:14 | Cannon Tower |
| 12:19 | Scout Tower |
| 12:20 | Scout Tower |
| 12:20 | Scout Tower |
| 12:24 | Scout Tower |
| 12:24 | Scout Tower |
| 12:28 | Peasant |
| 12:28 | Peasant |
| 12:51 | Arcane Sanctum |
| 12:56 | Peasant |
| 13:02 | Flame Strike |
| 13:17 | Improved Masonry |
| 14:11 | Castle |
| 14:14 | Cannon Tower |
| 14:20 | Guard Tower |
| 14:22 | Potion of Invisibility |
| 14:25 | Potion of Lesser Invulnerability |
| 15:42 | Cannon Tower |
| 15:47 | Cannon Tower |
| 15:50 | Scout Tower |
| 15:52 | Scout Tower |
| 15:52 | Scout Tower |
| 15:54 | Scout Tower |
| 15:55 | Scout Tower |
| 16:02 | Arcane Tower |
| 16:04 | Guard Tower |
| 16:10 | Magic Sentry |
| 16:11 | Sorceress Adept Training |
| 16:23 | Advanced Masonry |
| 16:28 | Lumber Mill |
| 16:33 | Advanced Lumber Harvesting |
| 16:35 | Imbued Masonry |
| 16:48 | Guard Tower |
| 16:49 | Arcane Tower |
| 16:54 | Mortar Team |
| 17:16 | Fragmentation Shards |
| 17:22 | Cannon Tower |
| 17:25 | Lesser Clarity Potion |
| 17:25 | Scroll of Regeneration |
| 17:28 | Mechanical Critter |
| 17:28 | Mechanical Critter |
| 17:43 | Scroll of Town Portal |
| 17:45 | Mortar Team |
| 17:48 | Flare |
| 17:51 | Black Gunpowder |
| 17:53 | Sorceress |
| 17:53 | Sorceress |
| 18:08 | Scout Tower |
| 18:11 | Scout Tower |
| 18:12 | Scout Tower |
| 18:13 | Scout Tower |
| 18:18 | Lesser Clarity Potion |
| 18:35 | Guard Tower |
| 18:42 | Scout Tower |
| 18:43 | Scout Tower |
| 18:45 | Scout Tower |
| 18:54 | Potion of Invisibility |
| 20:06 | Flak Cannons |
| 20:07 | Refined Gunpowder |
| 20:09 | Sorceress Master Training |
| 20:16 | Cannon Tower |
| 20:26 | Keep |
| 20:31 | Lesser Clarity Potion |
| 20:56 | Potion of Mana |
| 21:05 | Lesser Clarity Potion |
| 21:23 | Imbued Gunpowder |
| 21:27 | Cannon Tower |
| 21:28 | Cannon Tower |
| 21:40 | Potion of Lesser Invulnerability |
| 22:31 | Mortar Team |
| 22:39 | Scroll of Regeneration |
| 22:40 | Lesser Clarity Potion |
| 22:42 | Potion of Healing |
| 22:43 | Potion of Mana |
| 22:46 | Potion of Healing |
| 22:57 | Scroll of Town Portal |
| 23:19 | Mortar Team |
| 23:33 | Studded Leather Armor |
| 24:02 | Siphon Mana |
| 24:19 | Flying Machine |
| 24:22 | Flying Machine |
| 24:24 | Flying Machine |
| 24:29 | Iron Plating |
| 24:48 | Scroll of Town Portal |
| 26:26 | Scout Tower |
| 26:26 | Scout Tower |
| 26:27 | Scout Tower |
| 26:27 | Scout Tower |
| 26:28 | Scout Tower |
| 26:29 | Scout Tower |
| 26:30 | Scout Tower |
| 26:31 | Scout Tower |
| 26:37 | Scroll of Regeneration |
| 26:37 | Lesser Clarity Potion |
| 26:39 | Scroll of Town Portal |
| 26:41 | Lesser Clarity Potion |
| 27:23 | Guard Tower |
| 27:52 | Potion of Invisibility |
| 27:55 | Potion of Lesser Invulnerability |
| 28:15 | Flying Machine Bombs |
| 28:17 | Reinforced Leather Armor |
| 29:17 | Cannon Tower |
| 29:19 | Guard Tower |
| 29:36 | Cannon Tower |
| 29:38 | Cannon Tower |
| 29:43 | Mortar Team |
| 29:45 | Scroll of Regeneration |
| 29:47 | Lesser Clarity Potion |
| 29:49 | Scroll of Town Portal |
| 30:07 | Mortar Team |
| 30:13 | Workshop |
| 30:53 | Flame Strike |
| 31:07 | Dragonhide Armor |
| 31:07 | Steel Plating |
| 31:11 | Cannon Tower |
| 31:38 | Lesser Clarity Potion |
| 31:41 | Scroll of Regeneration |
| 31:47 | Mortar Team |
| 31:53 | Mortar Team |
| 32:40 | Scout Tower |
| 32:41 | Scout Tower |
| 32:43 | Scout Tower |
| 32:44 | Scout Tower |
| 32:45 | Scout Tower |
| 32:58 | Mortar Team |
| 33:09 | Cannon Tower |
| 33:54 | Mithril Plating |
| Right click | 1211 |
| Select | 555 |
| Build/train/purchase | 210 |
| Select group | 171 |
| Use ability | 77 |
| Misc. action | 22 |
| Assign group | 18 |
| Remove unit | 4 |
| Esc | 4 |
| Item give/drop | 1 |
⇛